 Dungeon Crawl Stone Soup version 0.19.0-2-gae57169 (webtiles) character file.

55 Letos the Cudgeler (level 3, -2/23 HPs)
             Began as a Gargoyle Gladiator on Nov 4, 2016.
             Slain by Natasha (6 damage)
             ... on level 2 of the Dungeon.
             The game lasted 00:01:34 (1104 turns).

Letos the Cudgeler (Gargoyle Gladiator)             Turns: 1104, Time: 00:01:34

Health: -2/23      AC:  6    Str: 20 (21) XL:     3   Next: 93%
Magic:  3/3        EV: 11    Int:  6 (8)  God:
Gold:   90         SH:  0    Dex: 10 (11) Spells: 0 memorised, 2 levels left

rFire  + . .     SeeInvis .     a - +0 flail
rCold  . . .     Gourm    .     g - +0 ring mail (curse)
rNeg   + . .     Faith    .     (no shield)
rPois  ∞         Spirit   .     c - +0 helmet
rElec  +         Reflect  .     (no cloak)
rCorr  .         Harm     .     (no gloves)
MR     .....                    (no boots)
Stlth  +.........               (no amulet)
                                (no ring)
                                b - ring of protection from fire

@: mighty, slowed, very slow
A: camouflage 1, deformed body, negative energy resistance 1, electricity
resistance, weak 1, unbreathing, petrification resistance, rot immunity, AC +3
a: no special abilities


You were on level 2 of the Dungeon.
You were hungry.

You visited 1 branch of the dungeon, and saw 2 of its levels.

You collected 90 gold pieces.

Inventory:

Hand Weapons
 a - a +0 flail (weapon)
 p - a +0 scimitar
Missiles
 d - 3 throwing nets (quivered)
Armour
 c - a +0 helmet (worn)
 g - a cursed +0 ring mail (worn)
Jewellery
 b - a ring of protection from fire (left hand)
Scrolls
 e - a scroll of enchant weapon {unknown}
 j - 3 scrolls of teleportation {unknown}
 l - a scroll of immolation {unknown}
 n - a scroll of identify {unknown}
 o - a scroll of amnesia {unknown}
Comestibles
 f - a bread ration
 k - a slice of pizza


   Skills:
 + Level 3.2 Fighting
 * Level 4.0 Maces & Flails
 - Level 2.0 Throwing
 - Level 2.4 Dodging


You had 2 spell levels left.
You didn't know any spells.

Dungeon Overview and Level Annotations

Branches:
Dungeon (2/15)

Altars:

Annotations:
D:2 Natasha


Innate Abilities, Weirdness & Mutations

You are resistant to torment.
Your stone body is resilient. (AC +3)
You are immune to poison.
You resist negative energy. (rN+)
You are resistant to electric shocks. (rElec)
You can survive without breathing.
You are immune to petrification.
You are immune to rotting.
Your skin changes colour to match your surroundings (Stealth+).
Armour fits poorly on your strangely shaped body.
You are weak. (Str -2)


Message History

You sock the goblin!
You kill the goblin!
The bat barely misses you. The bat misses you. The bat completely misses you.
You barely miss the bat. The bat hits you but does no damage. x2
The bat barely misses you.
Natasha, Servant of Life and Death comes into view.
Things that are here:
4 arrows; the felid corpse of Natasha The bat closely misses you.
The bat closely misses you.
Things that are here:
4 arrows; the felid corpse of Natasha The bat misses you.
The bat hits you but does no damage. The bat hits you but does no damage.
The bat closely misses you.
Found a potion of curing.
The bat hits you but does no damage. The bat hits you but does no damage.
You closely miss Natasha. The bat hits you but does no damage.
The bat barely misses you. The bat misses you. Natasha claws you.
You die...

#...........##.
?##.....(.....#
......h.......##
.#.............
######(..#.$.#
####.....###
#...)...##
#.h.........
#.@b..(.....
#.......###.
.........#
......######
........#
..!....##
....... .......


You could see Natasha and a bat.

Vanquished Creatures
  Natasha (D:2)
  A leopard gecko (D:2)
  A giant cockroach (D:1)
  7 goblins
  2 hobgoblins (D:1)
  4 kobolds (D:1)
  7 bats (D:1)
  A frilled lizard (D:1)
  3 rats (D:1)
27 creatures vanquished.

Notes
Turn   | Place    | Note
-------+----------+-------------------------------------------
     0 | D:1      | Letos the Gargoyle Gladiator began the quest for the Orb.
     0 | D:1      | Reached XP level 1. HP: 12/12 MP: 1/1
   248 | D:1      | Reached XP level 2. HP: 17/18 MP: 2/2
   712 | D:1      | Reached XP level 3. HP: 22/22 MP: 3/3
  1075 | D:2      | Noticed Natasha
  1090 | D:2      | Killed Natasha
  1090 | D:2      | Reached skill level 4 in Maces & Flails
  1093 | D:2      | Gained mutation: Armour fits poorly on your strangely shaped body. [potion of mutation]
  1093 | D:2      | Gained mutation: You are weak. (Str -2) [potion of mutation]
  1093 | D:2      | Gained mutation: Your skin changes colour to match your surroundings (Stealth+). [potion of mutation]
  1098 | D:2      | Noticed Natasha
  1104 | D:2      | Slain by Natasha

Skill      XL: |  1  2  3 |
---------------+----------+-----
Throwing       | 2 |  2.0
Fighting       | 3 |  3.2
Maces & Flails | 4 |  4.0
Dodging        | |  2.4

Action                   || total
-------------------------++-------
Melee: Flail             ||    93
  Use: Potion            ||     3
Armor: Leather armour    ||    24
       Ring mail         ||    46
Dodge: Dodged            ||    87
